[Event "Titled Tuesday Blitz September 27 Early 2022"]
[White "Rustemov, Alexander"]
[Black "Malyi, Viacheslav"]
[WhiteFideId "4119002"]
[BlackFideId "14123983"]
[WhiteElo "2819"]
[BlackElo "2190"]
[Result "1-0"]
[Round "05"]
[TimeControl "180+1"]
[Date "2022.09.27"]
[WhiteClock "0:02:07"]
[BlackClock "0:00:39"]

1. d4 Nf6 2. c4 e6 3. Nf3 d5 4. Nc3 Be7 5. Bg5 h6 6. Bxf6 Bxf6 7. e3 O-O 8. Rc1 c6 9. Bd3 Nd7 10. O-O dxc4 11. Bxc4 e5 12. h3 exd4 13. exd4 Nb6 14. Bb3 Bf5 15. Re1 Re8 16. Rxe8+ Qxe8 17. Qd2 Rd8 18. Re1 Qd7 19. Qf4 Bg6 20. Ne5 Bxe5 21. dxe5 Nd5 22. Bxd5 cxd5 23. Qd4 Qe6 24. Rd1 f6 25. exf6 Qxf6 26. Qxf6 gxf6 27. Rxd5 Rxd5 28. Nxd5 Kg7 29. Kf1 Bf7 30. Nc3 Bc4+ 31. Ke1 f5 32. g3 Kf6 33. Kd2 Ke5 34. Ke3 a6 35. a3 Bf1 36. h4 Bc4 37. Na4 Kd5 38. Nb6+ Kc5 39. Nxc4 Kxc4 40. f3 Kb3 41. g4 fxg4 42. fxg4 Kxb2 43. g5 hxg5 44. hxg5 b5 45. g6 Kxa3 46. g7 b4 47. g8=Q b3 48. Kd2 a5 49. Kc1 a4 50. Kb1 Kb4 51. Qf8+ Kc3 52. Qa3 1-0


[Site "https://www.chess.com"]

[Event "Titled Tuesday Blitz September 27 Early 2022"]
[White "Sadykov, Ramil"]
[Black "Bettalli, Francesco"]
[WhiteFideId "24113590"]
[BlackFideId "2816453"]
[WhiteElo "2243"]
[BlackElo "2216"]
[Result "1/2-1/2"]
[Round "05"]
[TimeControl "180+1"]
[Date "2022.09.27"]
[WhiteClock "0:00:40"]
[BlackClock "0:00:58"]

1. d4 Nf6 2. Nc3 d5 3. Bf4 c5 4. e4 Nxe4 5. Nxe4 dxe4 6. dxc5 Qa5+ 7. c3 Qxc5 8. Qa4+ Nc6 9. Qxe4 Bf5 10. Qe3 Qxe3+ 11. Bxe3 e5 12. O-O-O Rc8 13. Bd3 Bxd3 14. Rxd3 Be7 15. Ne2 O-O 16. Rhd1 Rfd8 17. Rxd8+ Rxd8 18. Rxd8+ Bxd8 19. Kc2 f5 20. f3 Kf7 21. c4 Ke6 22. a3 Bf6 23. Kd3 e4+ 24. fxe4 Bxb2 25. exf5+ Kxf5 26. a4 Ne5+ 27. Kc2 Nxc4 28. Bxa7 Be5 29. h3 Ke4 30. Nc3+ Kf5 31. Kd3 Nb2+ 32. Kc2 Nc4 33. Kd3 Nb2+ 34. Kc2 Nc4 1/2-1/2


[Site "https://www.chess.com"]

[Event "Titled Tuesday Blitz September 27 Early 2022"]
[White "Samaganova, Aleksandra"]
[Black "Tsukerman, Julia"]
[WhiteFideId "13800221"]
[BlackFideId "2621649"]
[WhiteElo "1864"]
[BlackElo "1667"]
[Result "1-0"]
[Round "05"]
[TimeControl "180+1"]
[Date "2022.09.27"]
[WhiteClock "0:00:43"]
[BlackClock "0:00:20"]

1. c4 e6 2. Nc3 d5 3. e3 Nf6 4. Nf3 Be7 5. d4 O-O 6. Bd3 dxc4 7. Bxc4 a6 8. O-O b5 9. Bd3 Bb7 10. a3 Nbd7 11. b4 Nb6 12. Qe2 Rc8 13. Bb2 Nfd5 14. Rac1 Bf6 15. Ne4 Be7 16. Nc5 Bxc5 17. dxc5 Nd7 18. c6 Bxc6 19. Rxc6 Nb8 20. Rcc1 Qd6 21. Be5 Qd7 22. Bb1 f6 23. Bb2 Nc6 24. Qc2 Nce7 25. Qxh7+ Kf7 26. Qh5+ Kg8 27. Bh7+ Kh8 28. Bg6+ 1-0


[Site "https://www.chess.com"]

[Event "Titled Tuesday Blitz September 27 Early 2022"]
[White "Samarth, J Rao"]
[Black "Quirke, Jeffrey"]
[WhiteFideId "46652370"]
[BlackFideId "2013029"]
[WhiteElo "1514"]
[BlackElo "2140"]
[Result "1-0"]
[Round "05"]
[TimeControl "180+1"]
[Date "2022.09.27"]
[WhiteClock "0:01:50"]
[BlackClock "0:00:31"]

1. c4 e6 2. d4 d5 3. Nc3 Nf6 4. cxd5 exd5 5. Bg5 Bb4 6. Rc1 h6 7. Bh4 g5 8. Bg3 Ne4 9. e3 Nc6 10. Nf3 h5 11. h4 Nxg3 12. fxg3 g4 13. Nd2 Be6 14. Bb5 Qd6 15. Kf2 Rh6 16. Qe1 Rf6+ 17. Kg1 O-O-O 18. a3 Bxc3 19. Rxc3 Ne7 20. Kh2 Ng6 21. e4 Qb6 22. e5 Rf5 23. Bd3 Qxd4 24. Bxf5 Bxf5 25. Rf1 Bd3 26. Rxf7 Nxe5 27. Rcxc7+ Kb8 28. Rxb7+ Ka8 29. Rxa7+ 1-0


[Site "https://www.chess.com"]

[Event "Titled Tuesday Blitz September 27 Early 2022"]
[White "Samunenkov, Ihor"]
[Black "Becerra, Juan David"]
[WhiteFideId "14187086"]
[BlackFideId "4404998"]
[WhiteElo "2441"]
[BlackElo "2278"]
[Result "0-1"]
[Round "05"]
[TimeControl "180+1"]
[Date "2022.09.27"]
[WhiteClock "0:00:05"]
[BlackClock "0:00:12"]

1. d4 d5 2. c4 c6 3. Nc3 e6 4. e3 Nf6 5. b3 Bb4 6. Bd2 Qa5 7. Nge2 Nbd7 8. a3 Bxc3 9. Nxc3 Qc7 10. Rc1 O-O 11. Be2 dxc4 12. bxc4 e5 13. d5 Nc5 14. O-O Bf5 15. f3 e4 16. f4 Nd3 17. Rb1 Qd7 18. dxc6 Qxc6 19. g4 Be6 20. g5 Nd7 21. Bxd3 exd3 22. e4 Bxc4 23. Qf3 Nc5 24. f5 Rfe8 25. Rfe1 Nd7 26. Bf4 b5 27. f6 Ne5 28. Bxe5 Rxe5 29. fxg7 Rxg5+ 30. Kh1 Re8 31. Rg1 Rxg1+ 32. Rxg1 a5 33. Nd5 Bxd5 34. exd5 Qc4 35. Rf1 Qe4 36. Kg2 Qxf3+ 37. Kxf3 Kxg7 38. Rd1 b4 39. axb4 axb4 40. Rxd3 Rb8 41. d6 b3 42. d7 b2 43. Rd1 Kf6 44. Rb1 Rb3+ 45. Kg4 Ke7 46. Kh5 Rb6 47. h4 Kxd7 48. Kg5 Ke7 49. Re1+ Kf8 50. Rb1 h6+ 51. Kh5 Kg7 52. Rg1+ Kh7 53. Rb1 Rb5+ 54. Kg4 h5+ 55. Kf4 Kg6 56. Rg1+ Kf6 57. Rb1 Rb4+ 0-1


[Site "https://www.chess.com"]

[Event "Titled Tuesday Blitz September 27 Early 2022"]
[White "Sanchez Alvares, Kelvin Antonio"]
[Black "Niekras, Dawid"]
[WhiteFideId "3906680"]
[BlackFideId "1160451"]
[WhiteElo "2189"]
[BlackElo "2296"]
[Result "1-0"]
[Round "05"]
[TimeControl "180+1"]
[Date "2022.09.27"]
[WhiteClock "0:00:06"]
[BlackClock "0:00:01"]

1. e4 c5 2. Nf3 g6 3. d4 cxd4 4. Nxd4 Nc6 5. c4 Nf6 6. Nc3 d6 7. f3 Nxd4 8. Qxd4 Bg7 9. Be3 O-O 10. Qd2 a5 11. Rc1 a4 12. Be2 Be6 13. Kf2 Nd7 14. Rhd1 Qa5 15. Nb5 Qxd2 16. Rxd2 Rfc8 17. Rdc2 Nc5 18. Nd4 Bd7 19. g4 Rc7 20. Nb5 Bxb5 21. cxb5 Rac8 22. Kg2 Kf8 23. b4 axb3 24. axb3 Ne6 25. Rxc7 Rxc7 26. Rxc7 Nxc7 27. Bb6 Ne6 28. Bc4 Nd4 29. Kf2 g5 30. Ke3 Nc2+ 31. Kd3 Ne1+ 32. Ke2 Nc2 33. Bd5 Nd4+ 34. Kd3 Nxb5 35. Bxb7 d5 36. Bc6 Nd6 37. Bxd5 Ke8 38. Bc6+ Kf8 39. Bc5 Be5 40. h3 Nc8 41. Bd5 Kg7 42. b4 e6 43. Bb7 Nd6 44. Bc6 h5 45. b5 h4 46. b6 Kf6 47. b7 Nxb7 48. Bxb7 Bb8 49. Be3 e5 50. Bd5 Kg6 51. Kc4 f6 52. Kb5 Bd6 53. Bc5 Bb8 54. Kc6 Kg7 55. Kb7 1-0


[Site "https://www.chess.com"]

[Event "Titled Tuesday Blitz September 27 Early 2022"]
[White "Sargissyan, Sargis"]
[Black "De Souza, Cristiano Gomes"]
[WhiteFideId "13303210"]
[BlackFideId "2151758"]
[WhiteElo "2102"]
[BlackElo "2068"]
[Result "1-0"]
[Round "05"]
[TimeControl "180+1"]
[Date "2022.09.27"]
[WhiteClock "0:02:04"]
[BlackClock "0:01:32"]

1. e4 c5 2. Nf3 d6 3. d4 cxd4 4. Nxd4 Nf6 5. Nc3 a6 6. Bg5 e6 7. f4 Be7 8. Qf3 h6 9. Bxf6 Bxf6 10. O-O-O Qa5 11. g4 Nd7 12. h4 Nc5 13. g5 hxg5 14. hxg5 Rxh1 15. Qxh1 Be7 16. Qh8+ Bf8 17. g6 f6 18. Qg8 Qc7 19. f5 e5 20. Ne6 Nxe6 21. fxe6 Qe7 22. Nd5 Bxe6 23. Nxe7 Bxg8 24. Nxg8 Kd7 25. Bc4 Rc8 26. Bd5 Rc7 27. Rh1 b5 28. Rh8 Be7 29. Nxe7 Kxe7 30. Rg8 1-0


[Site "https://www.chess.com"]

[Event "Titled Tuesday Blitz September 27 Early 2022"]
[White "Saucey, Michel"]
[Black "Garv Gaur"]
[WhiteFideId "601845"]
[BlackFideId "45030839"]
[WhiteElo "2253"]
[BlackElo "1950"]
[Result "1/2-1/2"]
[Round "05"]
[TimeControl "180+1"]
[Date "2022.09.27"]
[WhiteClock "0:00:12"]
[BlackClock "0:00:13"]

1. d4 d5 2. Nf3 Nf6 3. c4 e6 4. Nc3 Be7 5. Bg5 O-O 6. e3 b6 7. Be2 Bb7 8. Bxf6 Bxf6 9. cxd5 exd5 10. b4 c6 11. O-O a5 12. a3 axb4 13. axb4 Rxa1 14. Qxa1 Qc7 15. Qb2 b5 16. Ne1 Nd7 17. Nd3 Ra8 18. Ra1 Qb8 19. Bg4 Nb6 20. Nc5 Bc8 21. Be2 Be7 22. g3 Ra7 23. Rxa7 Qxa7 24. Bd3 Nd7 25. Ne2 Nxc5 26. dxc5 Bf6 27. Nd4 Bd7 28. Be2 Qa4 29. Kg2 h6 30. Qd2 Qa1 31. Bd1 Qb1 32. h3 Bf5 33. Nxc6 Be4+ 34. f3 Bd3 35. Nd4 Bd8 36. c6 Bb6 37. Bc2 Bxc2 38. Qxc2 Qxc2+ 39. Nxc2 Kf8 40. Nd4 Bxd4 41. exd4 Ke7 42. Kf2 Kd6 43. Ke3 Kxc6 44. Kf4 Kd6 45. Kf5 Ke7 46. h4 f6 47. Kg6 Kf8 48. h5 Kg8 49. g4 Kf8 50. f4 Kg8 51. g5 hxg5 52. fxg5 fxg5 53. Kxg5 Kh7 54. Kh4 Kh6 55. Kg4 g6 56. hxg6 Kxg6 57. Kf4 Kf6 58. Kg4 Kg6 59. Kf4 Kf6 60. Kg4 Kg6 1/2-1/2


[Site "https://www.chess.com"]

[Event "Titled Tuesday Blitz September 27 Early 2022"]
[White "Seifert, Henryk"]
[Black "Svicevic, Rastko"]
[WhiteFideId "1100963"]
[BlackFideId "916315"]
[WhiteElo "2120"]
[BlackElo "2115"]
[Result "1-0"]
[Round "05"]
[TimeControl "180+1"]
[Date "2022.09.27"]
[WhiteClock "0:01:45"]
[BlackClock "0:02:17"]

1. e4 c6 2. d4 d5 3. exd5 cxd5 4. Bd3 Nf6 5. c3 Nc6 6. Bf4 e6 7. Nf3 Bd6 8. Bg3 O-O 9. Nbd2 h6 10. O-O Re8 11. Ne5 Qc7 12. f4 Nd7 13. Qh5 Nf8 14. Rae1 f5 15. Qxe8 1-0


[Site "https://www.chess.com"]

[Event "Titled Tuesday Blitz September 27 Early 2022"]
[White "Sethuraman, S.P."]
[Black "Girel, Joseph"]
[WhiteFideId "5021596"]
[BlackFideId "36033561"]
[WhiteElo "2425"]
[BlackElo "2104"]
[Result "1/2-1/2"]
[Round "05"]
[TimeControl "180+1"]
[Date "2022.09.27"]
[WhiteClock "0:00:04"]
[BlackClock "0:00:10"]

1. d4 Nf6 2. c4 e6 3. Nf3 d5 4. g3 Be7 5. Bg2 O-O 6. O-O dxc4 7. Qa4 a6 8. Qxc4 b5 9. Qc2 Bb7 10. Bd2 Nc6 11. e3 Nb4 12. Bxb4 Bxb4 13. Nbd2 Rc8 14. Nb3 Be4 15. Qe2 c5 16. a3 c4 17. axb4 Bd3 18. Qd1 Bxf1 19. Bxf1 cxb3 20. Qxb3 Qd6 21. Ne5 Nd5 22. Nd3 Rc4 23. Nc5 Rxb4 24. Qa3 e5 25. Nd3 exd4 26. exd4 Rd8 27. Nxb4 Nxb4 28. d5 g6 29. Rd1 h5 30. Bg2 Rc8 31. h4 Rc2 32. Bf3 Qf6 33. d6 Rc8 34. d7 Rd8 35. Kg2 Nc2 36. Qc5 Qxb2 37. Qc7 Ne3+ 38. Kg1 Nxd1 39. Qxd8+ Kg7 40. Bxd1 Qa1 41. Kg2 Qxd1 42. Qe7 Qd5+ 43. Kh2 Qd2 44. Kg1 Qd1+ 45. Kg2 Qd5+ 46. Kh2 Qd2 47. Kg1 Qd1+ 48. Kg2 1/2-1/2


[Site "https://www.chess.com"]

[Event "Titled Tuesday Blitz September 27 Early 2022"]
[White "Sipila, Vilka"]
[Black "Abdrlauf, Elham"]
[WhiteFideId "505455"]
[BlackFideId "1533533"]
[WhiteElo "2329"]
[BlackElo "2409"]
[Result "1-0"]
[Round "05"]
[TimeControl "180+1"]
[Date "2022.09.27"]
[WhiteClock "0:00:17"]
[BlackClock "0:00:03"]

1. b3 e5 2. Bb2 Nc6 3. e3 Nf6 4. Bb5 Bd6 5. Na3 O-O 6. Nc4 Qe7 7. Ne2 a6 8. Bxc6 dxc6 9. O-O Re8 10. f4 e4 11. h3 b5 12. Nxd6 cxd6 13. g4 Nd7 14. g5 Nf8 15. Ng3 g6 16. h4 d5 17. h5 c5 18. hxg6 fxg6 19. Bf6 Qf7 20. f5 gxf5 21. Rxf5 Ng6 22. Qh5 Be6 23. Raf1 Qd7 24. Bb2 Rf8 25. Rf6 Rxf6 26. Rxf6 Qe7 27. Rxg6+ hxg6 28. Qxg6+ Kf8 29. Nh5 Qf7 30. Qh6+ Ke7 31. Bf6+ Kd7 32. g6 Rg8 33. g7 Bg4 34. Nf4 Bf5 35. Be5 Be6 36. c4 bxc4 37. bxc4 dxc4 38. Qh7 Qf5 39. Qxf5 Bxf5 40. Kf2 Be6 41. a3 Bf7 42. Kg3 Kc6 43. Kg4 Rd8 44. Bc3 Kb5 45. Kf5 Re8 46. Kf6 Bg8 47. Ng6 Re6+ 48. Kf5 Re8 49. Ne5 Ka4 50. Kf4 Kxa3 51. Ng4 Kb3 52. Nf6 Rc8 53. Kf5 Ka4 54. Nxg8 Rxg8 55. Ke6 Rb8 56. Kf7 Rb7+ 57. Kg6 Rb8 58. Kh7 Rb6 59. g8=Q Kb3 60. Qd5 Rb5 61. Qxe4 Ka2 62. Qc2+ Ka3 63. Qc1+ Ka4 64. Qa1+ Kb3 65. Qb2+ Ka4 66. Qa2# 1-0


[Site "https://www.chess.com"]

[Event "Titled Tuesday Blitz September 27 Early 2022"]
[White "Smietanska, Wiktoria"]
[Black "Baches Garcia, Guillermo"]
[WhiteFideId "21869359"]
[BlackFideId "2209764"]
[WhiteElo "1847"]
[BlackElo "2424"]
[Result "1-0"]
[Round "05"]
[TimeControl "180+1"]
[Date "2022.09.27"]
[WhiteClock "0:00:04"]
[BlackClock "0:00:41"]

1. c4 e5 2. Nc3 Nf6 3. Nf3 Nc6 4. e4 g6 5. d4 exd4 6. Nxd4 Bg7 7. Be2 Nxe4 8. Nxe4 Bxd4 9. Bg5 f6 10. Bh4 Qe7 11. Nc3 Bxc3+ 12. bxc3 d6 13. O-O O-O 14. Re1 Qf7 15. Bf3 Ne5 16. Bd5 Be6 17. Bxb7 Rae8 18. Bd5 Nxc4 19. Rxe6 Rxe6 20. Bxc4 Rfe8 21. Qd2 c6 22. Bxe6 Rxe6 23. Bg3 d5 24. h3 Kg7 25. Rb1 Re7 26. Rb8 Qe6 27. Bf4 g5 28. Be3 h5 29. Ra8 g4 30. Rxa7 gxh3 31. Rxe7+ Qxe7 32. Qd4 Qe4 33. Qxe4 dxe4 34. gxh3 f5 35. a4 Kf7 36. a5 Ke6 37. a6 Kd5 38. a7 1-0


[Site "https://www.chess.com"]

[Event "Titled Tuesday Blitz September 27 Early 2022"]
[White "Song, Julien"]
[Black "Matinian, Nikita"]
[WhiteFideId "659487"]
[BlackFideId "24129100"]
[WhiteElo "2225"]
[BlackElo "2422"]
[Result "0-1"]
[Round "05"]
[TimeControl "180+1"]
[Date "2022.09.27"]
[WhiteClock "0:00:02"]
[BlackClock "0:01:11"]

1. d4 Nf6 2. Bg5 d5 3. e3 c5 4. Bxf6 gxf6 5. Nc3 e6 6. Qh5 cxd4 7. exd4 Nc6 8. O-O-O Qa5 9. Bd3 Nxd4 10. Nf3 Nxf3 11. gxf3 Ba3 12. Ne4 Bxb2+ 13. Kxb2 Qb4+ 14. Ka1 dxe4 15. Bb5+ Ke7 16. Rhg1 e5 17. Rg7 Rf8 18. Be2 Be6 19. fxe4 Qa3 20. c4 Rfd8 21. Rgg1 Rxd1+ 22. Rxd1 Rd8 23. Rxd8 Qc1# 0-1


[Site "https://www.chess.com"]

[Event "Titled Tuesday Blitz September 27 Early 2022"]
[White "Sprenar, Petr"]
[Black "Beerdsen, Thomas"]
[WhiteFideId "397164"]
[BlackFideId "1030108"]
[WhiteElo "2153"]
[BlackElo "2567"]
[Result "1-0"]
[Round "05"]
[TimeControl "180+1"]
[Date "2022.09.27"]
[WhiteClock "0:00:42"]
[BlackClock "0:01:45"]

1. d4 d5 2. c4 Nc6 3. cxd5 Qxd5 4. Nf3 e5 5. Nc3 Bb4 6. Bd2 Bxc3 7. Bxc3 e4 8. Ne5 Nge7 9. e3 Nxe5 10. dxe5 O-O 11. Qc2 Bf5 12. Rd1 Qxa2 13. Be2 Qe6 14. O-O Nc6 15. b3 Nxe5 16. Qb2 Rfe8 17. Rd2 f6 18. Bd4 Nd3 19. Bxd3 exd3 20. f3 Rad8 21. e4 Bg6 22. Rfd1 Rd7 23. Rxd3 Red8 24. Qc3 Bf7 25. b4 Qc4 26. R3d2 Rxd4 27. Qxc4 Rxd2 28. Rxd2 Rxd2 29. Qxc7 h5 30. Qxb7 h4 31. Qxa7 Rd1+ 32. Kf2 Rd2+ 33. Ke3 Rxg2 34. Qb8+ Kh7 35. b5 Rb2 36. b6 Rb3+ 37. Kd4 Bh5 38. b7 Bxf3 39. Qc7 Rb4+ 40. Kc3 1-0


[Site "https://www.chess.com"]

[Event "Titled Tuesday Blitz September 27 Early 2022"]
[White "Stanisz, Patryk"]
[Black "Azaiez, Fahmi"]
[WhiteFideId "1123106"]
[BlackFideId "5500818"]
[WhiteElo "1833"]
[BlackElo "2480"]
[Result "1-0"]
[Round "05"]
[TimeControl "180+1"]
[Date "2022.09.27"]
[WhiteClock "0:00:05"]
[BlackClock "0:00:52"]

1. d4 Nf6 2. c4 e6 3. Nc3 Bb4 4. Qc2 Nc6 5. Nf3 d6 6. Bg5 h6 7. Bh4 g5 8. Bg3 g4 9. Nd2 Nxd4 10. Qd3 e5 11. e3 Bf5 12. e4 Bd7 13. Bh4 Bxc3 14. bxc3 Ne6 15. Be2 Ng5 16. O-O Qe7 17. Rab1 Bc6 18. f3 gxf3 19. Bxf3 Rg8 20. Kh1 O-O-O 21. a4 Kb8 22. a5 Qe6 23. a6 b6 24. Rb4 Nd7 25. Nb3 Nc5 26. Qc2 Ncxe4 27. Na5 Ba8 28. Bxg5 hxg5 29. Bxe4 Bxe4 30. Qxe4 d5 31. cxd5 Rxd5 32. Nb3 c6 33. c4 Rd2 34. Nxd2 Rh8 35. Nf3 f6 36. Nd4 Qd6 37. Nxc6+ Kc7 38. Rb5 Qxc6 39. Qxc6+ Kxc6 40. Rd1 Rf8 41. Kg1 e4 42. Kf2 f5 43. g3 f4 44. Rxg5 e3+ 45. Ke2 f3+ 46. Kxe3 f2 47. Rf1 Rd8 48. Kxf2 Rd4 49. Rg6+ Kc5 50. Rc1 Rd2+ 51. Kf3 Ra2 52. Rg5+ Kc6 53. Rg6+ Kc5 54. h4 Rxa6 55. h5 b5 56. Rxa6 1-0


[Site "https://www.chess.com"]

[Event "Titled Tuesday Blitz September 27 Early 2022"]
[White "Sukandar, Irine Kharisma"]
[Black "Vlassov, Nikolai"]
[WhiteFideId "7101937"]
[BlackFideId "4103360"]
[WhiteElo "2284"]
[BlackElo "2324"]
[Result "0-1"]
[Round "05"]
[TimeControl "180+1"]
[Date "2022.09.27"]
[WhiteClock "0:00:02"]
[BlackClock "0:00:17"]

1. d4 Nf6 2. c4 Nc6 3. Nc3 e5 4. d5 Ne7 5. g3 Ng6 6. Bg2 Bc5 7. Nf3 d6 8. b4 Bb6 9. Na4 O-O 10. O-O e4 11. Ng5 e3 12. f4 Qe7 13. Qb3 Re8 14. c5 dxc5 15. bxc5 Bxc5 16. Nxc5 Qxc5 17. d6 Be6 18. Nxe6 fxe6 19. Ba3 Qb6 20. dxc7 Qxc7 21. Rfc1 Qf7 22. Qxe3 Nd5 23. Qf2 b5 24. Rab1 Rab8 25. e4 Nf6 26. Bd6 Rb7 27. e5 Nd5 28. Rc5 b4 29. Rbc1 Nc3 30. a3 a5 31. axb4 axb4 32. Bxb7 Qxb7 33. R5xc3 bxc3 34. Rxc3 Rc8 35. Rxc8+ Qxc8 36. Qc5 Qb7 0-1


[Site "https://www.chess.com"]

[Event "Titled Tuesday Blitz September 27 Early 2022"]
[White "Suleymanli, Suleyman"]
[Black "Nigmatov, Ortik"]
[WhiteFideId "13416375"]
[BlackFideId "14202131"]
[WhiteElo "2613"]
[BlackElo "2783"]
[Result "1-0"]
[Round "05"]
[TimeControl "180+1"]
[Date "2022.09.27"]
[WhiteClock "0:01:18"]
[BlackClock "0:01:08"]

1. Nf3 Nf6 2. g3 g6 3. Bg2 Bg7 4. O-O O-O 5. d4 d6 6. c4 Nc6 7. Nc3 e5 8. dxe5 dxe5 9. Bg5 Be6 10. Qa4 Qc8 11. Nd2 Bd7 12. Bxf6 Bxf6 13. Nd5 Bd8 14. Ne4 f5 15. Nc5 Be8 16. Qd1 Nd4 17. e3 Ne6 18. Nxe6 Qxe6 19. Nxc7 Qc8 20. Nxa8 Qxa8 21. Qd5+ Rf7 22. Qxe5 Bf6 23. Qe6 Kg7 24. Rad1 Qb8 25. b3 Re7 26. Qd6 Qc8 27. Qd8 Qc5 28. Qd5 Qa3 29. Rd2 Bf7 30. Qd6 Qa5 31. Rfd1 h5 32. h4 Qc3 33. Qd3 Qb4 34. Bd5 Be8 35. Bf3 b6 36. Qd6 Qc3 37. Qb8 Be5 38. Qd8 Bf6 39. Qd3 Qb4 40. Kg2 Qa5 41. Rc2 Qb4 42. Rdc1 Rd7 43. Qe2 Bf7 44. c5 bxc5 45. Rxc5 Rd2 46. Qb5 Qa3 47. R5c2 Rd8 48. Rc7 Qb2 49. Qc4 Rd7 50. Rxd7 1-0


[Site "https://www.chess.com"]

[Event "Titled Tuesday Blitz September 27 Early 2022"]
[White "Sychev, Klementy"]
[Black "Xu, Yi"]
[WhiteFideId "4114060"]
[BlackFideId "8605564"]
[WhiteElo "2685"]
[BlackElo "2853"]
[Result "1-0"]
[Round "05"]
[TimeControl "180+1"]
[Date "2022.09.27"]
[WhiteClock "0:00:06"]
[BlackClock "0:00:03"]

1. d4 Nf6 2. c4 e6 3. Nc3 Bb4 4. Bf4 O-O 5. Qb3 Bxc3+ 6. Qxc3 d5 7. e3 b6 8. c5 Ne4 9. Qc2 bxc5 10. dxc5 c6 11. Bd3 Qa5+ 12. Kf1 Ba6 13. Ne2 Bxd3 14. Qxd3 Na6 15. f3 Naxc5 16. Qc2 g5 17. Bg3 Qd2 18. Qxd2 Nxd2+ 19. Kg1 Nc4 20. b3 Nxe3 21. Bd6 Nd3 22. Bxf8 Kxf8 23. h4 c5 24. hxg5 Kg7 25. Rh4 c4 26. bxc4 Rb8 27. cxd5 exd5 28. Rd4 Nc2 29. Rxd3 Nxa1 30. Rxd5 Rb2 31. Nd4 Nc2 32. Nf5+ Kg6 33. Ne7+ Kg7 34. Ra5 Ne3 35. g4 Rg2+ 36. Kh1 Rf2 37. Re5 Nc4 38. Nf5+ Kg6 39. Rc5 Nd2 40. Nh4+ Kg7 41. Rc2 Rf1+ 42. Kg2 Rd1 43. Nf5+ Kg6 44. Ne3 Nxf3 45. Rc6+ Kxg5 46. Nxd1 Ne5 47. Rc5 Kf4 48. Nf2 Nf3 49. Rf5+ Ke3 50. Rxf3+ Ke2 51. Rxf7 1-0


[Site "https://www.chess.com"]

[Event "Titled Tuesday Blitz September 27 Early 2022"]
[White "Szente Varga, Fruzsina"]
[Black "Fromm, Marius"]
[WhiteFideId "712264"]
[BlackFideId "12993190"]
[WhiteElo "1994"]
[BlackElo "2312"]
[Result "0-1"]
[Round "05"]
[TimeControl "180+1"]
[Date "2022.09.27"]
[WhiteClock "0:00:16"]
[BlackClock "0:00:17"]

1. e4 c5 2. Nf3 d6 3. d4 cxd4 4. Qxd4 Nf6 5. Bb5+ Nc6 6. Qd3 Bd7 7. c4 g6 8. Nc3 Bg7 9. O-O O-O 10. h3 a6 11. Bxc6 Bxc6 12. Be3 b6 13. Nd4 Bb7 14. Rfd1 Nd7 15. Nd5 Nb8 16. Ne2 Nd7 17. Rab1 Rc8 18. f4 Nc5 19. Qc2 b5 20. b4 Na4 21. c5 dxc5 22. bxc5 e6 23. Nb6 Qxb6 24. Qxa4 Qc6 25. Qb3 Qxe4 26. Kf2 Qxg2+ 27. Ke1 Bf3 28. Rd2 Rfd8 29. Rbd1 Rxd2 30. Rxd2 Bf6 31. Ng1 Qg3+ 32. Bf2 Qxf4 33. Qxf3 Qxf3 34. Nxf3 Bc3 35. Ke2 Bxd2 36. Nxd2 f6 37. Ne4 Kg7 38. Nd6 Rc6 39. Kd3 e5 40. a4 bxa4 41. Kc4 a3 42. Kb3 Kf8 43. Kxa3 Ke7 44. Kb4 Rxd6 45. cxd6+ Kxd6 46. Bc5+ Kd5 47. Be7 f5 48. Kc3 f4 49. Kd3 a5 50. Ba3 a4 51. Bb4 e4+ 52. Ke2 Kc4 53. Bd6 f3+ 54. Ke3 Kb3 55. Bg3 a3 56. Kxe4 a2 57. Kxf3 a1=Q 58. Kg4 Qf6 59. Bh4 Qf5+ 60. Kg3 Qh5 61. Bf6 Kc4 62. Be7 Kd5 63. Bd8 Ke6 64. Bc7 Kf5 65. Bd6 g5 66. Bc7 Qh4+ 67. Kg2 h5 68. Bg3 Qe4+ 69. Kh2 h4 70. Bf2 Qe2 71. Kg1 Ke4 72. Bb6 Kf3 73. Kh1 Qg2# 0-1


[Site "https://www.chess.com"]

[Event "Titled Tuesday Blitz September 27 Early 2022"]
[White "Sztokbant, Bernardo Vainzoff"]
[Black "Czernek, Tymon"]
[WhiteFideId "2115956"]
[BlackFideId "1199510"]
[WhiteElo "2172"]
[BlackElo "2007"]
[Result "1-0"]
[Round "05"]
[TimeControl "180+1"]
[Date "2022.09.27"]
[WhiteClock "0:00:08"]
[BlackClock "0:00:25"]

1. e4 c5 2. Nf3 d6 3. d4 cxd4 4. Nxd4 Nf6 5. Nc3 a6 6. Be2 e5 7. Nb3 Be7 8. O-O O-O 9. a4 Be6 10. f4 exf4 11. Bxf4 Nc6 12. Kh1 Ne5 13. Nd4 Qd7 14. Qe1 Rfd8 15. Rd1 Qc7 16. Qg3 Ng6 17. Bg5 Rac8 18. Nf5 Bxf5 19. exf5 Ne5 20. Bxf6 Bxf6 21. Nd5 Qxc2 22. Nxf6+ Kh8 23. Nh5 g6 24. fxg6 fxg6 25. Nf4 Rf8 26. Rxd6 Qxb2 27. Rfd1 Rce8 28. Qh4 Rxf4 29. Qxf4 Qxe2 30. Qf6+ Kg8 31. Rd8 Nd7 32. R8xd7 Qe1+ 33. Qf1 1-0


[Site "https://www.chess.com"]

[Event "Titled Tuesday Blitz September 27 Early 2022"]
[White "Tang, Andrew"]
[Black "Seo, Jung Min"]
[WhiteFideId "2059630"]
[BlackFideId "1734687"]
[WhiteElo "2584"]
[BlackElo "2455"]
[Result "1-0"]
[Round "05"]
[TimeControl "180+1"]
[Date "2022.09.27"]
[WhiteClock "0:00:05"]
[BlackClock "0:00:08"]

1. d4 Nf6 2. c4 e6 3. Nc3 Bb4 4. Qc2 c5 5. dxc5 O-O 6. Nf3 Na6 7. g3 Nxc5 8. Bg2 Nce4 9. O-O Nxc3 10. bxc3 Be7 11. e4 d6 12. e5 dxe5 13. Nxe5 Qc7 14. Qe2 Nd7 15. Bf4 Nxe5 16. Bxe5 Bd6 17. Rfe1 Rb8 18. Rad1 Bxe5 19. Qxe5 Qxe5 20. Rxe5 b6 21. c5 bxc5 22. Rxc5 Bb7 23. Rd7 Bxg2 24. Kxg2 a6 25. Ra7 Rb6 26. a4 g6 27. c4 Rd6 28. Rcc7 e5 29. c5 Rf6 30. c6 Kg7 31. Rxa6 Rd8 32. Rb7 Rd2 33. c7 Rfxf2+ 34. Kh3 h5 35. g4 Rf3+ 36. Kh4 Rxh2+ 37. Kg5 Rc3 38. Rxg6+ fxg6 39. c8=Q+ 1-0


[Site "https://www.chess.com"]

[Event "Titled Tuesday Blitz September 27 Early 2022"]
[White "Thorhallsson, Simon"]
[Black "Dilmukhametov, Artur"]
[WhiteFideId "2310090"]
[BlackFideId "24179922"]
[WhiteElo "2137"]
[BlackElo "2206"]
[Result "1-0"]
[Round "05"]
[TimeControl "180+1"]
[Date "2022.09.27"]
[WhiteClock "0:01:55"]
[BlackClock "0:01:25"]

1. e4 e6 2. b3 d5 3. Bb2 dxe4 4. Nc3 Nf6 5. g4 h6 6. Bg2 Nc6 7. h3 Bc5 8. Nge2 Bd7 9. Ng3 Qe7 10. Ncxe4 O-O-O 11. Qf3 Bd4 12. Bxd4 Nxd4 13. Nd6+ cxd6 14. Qxb7# 1-0


[Site "https://www.chess.com"]

[Event "Titled Tuesday Blitz September 27 Early 2022"]
[White "Timofeev, Artyom"]
[Black "Carlsen, Magnus"]
[WhiteFideId "4140419"]
[BlackFideId "1503014"]
[WhiteElo "2579"]
[BlackElo "2830"]
[Result "0-1"]
[Round "05"]
[TimeControl "180+1"]
[Date "2022.09.27"]
[WhiteClock "0:00:12"]
[BlackClock "0:00:07"]

1. e4 g6 2. d4 d6 3. Nc3 Bg7 4. Nf3 a6 5. h3 b5 6. Be3 Bb7 7. Bd3 Nf6 8. a3 Nbd7 9. O-O e5 10. dxe5 dxe5 11. b4 O-O 12. a4 c6 13. Ne2 Qe7 14. Qb1 Rfd8 15. Ng3 h5 16. Rd1 Ne8 17. c4 bxa4 18. c5 a5 19. bxa5 Rdb8 20. Rxa4 Nc7 21. Qc2 Ne6 22. a6 Ndxc5 23. Ra5 Nxa6 24. Bxa6 Rxa6 25. Rxa6 Bxa6 26. Qxc6 Bb5 27. Qc2 Bf6 28. Ne2 Kg7 29. Nc3 Rc8 30. Qb2 Bc6 31. Nd5 Bxd5 32. Rxd5 Nf4 33. Rd1 Qe6 34. Bxf4 exf4 35. e5 Be7 36. Qd4 g5 37. Qe4 Rc5 38. Re1 Qc4 39. Nd4 Kg8 40. e6 Bf6 41. exf7+ Qxf7 42. Nf5 Qd7 43. Nh6+ Kg7 44. Nf5+ Rxf5 0-1


[Site "https://www.chess.com"]